 Dungeon Crawl Stone Soup version 0.24.0-37-gcf1ca852f1 (webtiles) character file.

Game seed: 10895209157748708207, levelgen mode: deterministic

19061 Iamsoldier the Fighter (level 12, -9/80 HPs)
             Began as a Gargoyle Fighter on Dec 9, 2019.
             Was an Elder of Makhleb.
             Killed by divine providence
             ... invoked by an orc priest
              (13 damage)
             ... on level 13 of the Dungeon.
             The game lasted 00:27:14 (11443 turns).

Iamsoldier the Fighter (Gargoyle Fighter)          Turns: 11443, Time: 00:27:16

Health: -9/80      AC: 32    Str: 22    XL:     12   Next: 65%
Magic:  17/17      EV:  6    Int: 11    God:    Makhleb [****..]
Gold:   293        SH: 15    Dex: 12    Spells: 11/11 levels left

rFire    . . .     SeeInvis .   a - +2 demon trident (freeze)
rCold    . . .     Gourm    .   c - +1 shield
rNeg     + . .     Faith    .   y - +0 plate armour
rPois    ∞         Spirit   .   s - +0 helmet
rElec    +         Reflect  +   m - +0 cloak
rCorr    .         Harm     .   f - +0 pair of gloves
MR       .....                  u - +0 pair of boots
Stlth    ..........             l - +2 amulet of reflection
HPRegen  0.23/turn              k - +2 ring of dexterity
MPRegen  0.15/turn              q - +3 ring of protection

@: no status effects
A: negative energy resistance 1, electricity resistance, unbreathing,
petrification resistance, rot immunity, AC +8
a: Minor Destruction, Lesser Servant of Makhleb, Major Destruction, Renounce
Religion


You were on level 13 of the Dungeon.
You worshipped Makhleb.
Makhleb was greatly pleased with you.
You were hungry.

You visited 1 branch of the dungeon, and saw 13 of its levels.

You collected 833 gold pieces.
You spent 540 gold pieces at shops.

Inventory:

Hand Weapons
 a - a +2 demon trident of freezing (weapon)
Armour
 c - a +1 shield (worn)
 f - a +0 pair of gloves (worn)
 m - a +0 cloak (worn)
 s - a +0 helmet (worn)
 u - a +0 pair of boots (worn)
 y - a +0 plate armour (worn)
Jewellery
 k - a +2 ring of dexterity (left hand)
 l - a +2 amulet of reflection (around neck)
 q - a +3 ring of protection (right hand)
 z - an uncursed ring of protection from magic
 I - an uncursed ring of stealth
Wands
 p - a wand of paralysis (11)
 w - a wand of digging (6)
 x - a wand of flame (19)
 C - a wand of acid (3)
 D - a wand of iceblast (17)
 E - a wand of random effects (20)
Scrolls
 i - 3 scrolls of teleportation
 n - 3 scrolls of remove curse
 o - 2 scrolls of enchant armour
 r - 2 scrolls of identify
 v - 2 scrolls of blinking
 A - a scroll of immolation
 G - a scroll of summoning
 H - a scroll of silence
Potions
 b - 8 potions of curing
 e - 2 potions of lignification
 g - a potion of brilliance
 h - 3 potions of heal wounds
 j - 2 potions of mutation
Comestibles
 d - 15 rations
 B - 5 chunks of flesh


   Skills:
 + Level 11.3 Fighting
   Level 5.2 Maces & Flails
 * Level 10.0 Polearms
 + Level 9.8 Armour
 + Level 9.9 Shields
 + Level 6.9 Invocations


You had 11 spell levels left.
You didn't know any spells.
Your spell library contained the following spells:

 Spells                   Type           Power        Failure   Level  Hunger
 Animate Skeleton         Necr           N/A          100%        1    ##.....
 Flame Tongue             Conj/Fire      #....        100%        1    ##.....
 Pain                     Necr           #...         100%        1    ##.....
 Throw Flame              Conj/Fire      #.....       100%        2    ###....
 Conjure Flame            Conj/Fire      #.......     100%        3    ####...
 Inner Flame              Hex/Fire       #.......     100%        3    ####...
 Regeneration             Chrm/Necr      #.........   100%        3    ####...
 Vampiric Draining        Necr           #.........   100%        3    ####...
 Animate Dead             Necr           N/A          100%        4    #####..
 Sticky Flame             Conj/Fire      #.......     100%        4    #####..
 Fireball                 Conj/Fire      #.........   100%        5    ######.


Dungeon Overview and Level Annotations

Branches:
Dungeon (12/15)            Temple (0/1) D:6            Lair (0/6) D:10
    Orc (0/2) D:11

Altars:
Fedhas
Gozag
Hepliaklqana
Kikubaaqudgha
Makhleb
Nemelex Xobeh
Okawaru
Ru
Sif Muna
Uskayaw
Vehumet
Zin
The Shining One

Shops:
D:5 (


Innate Abilities, Weirdness & Mutations

You are resistant to torment.
Your stone body is resilient. (AC +8)
You are immune to poison.
You resist negative energy. (rN+)
You are resistant to electric shocks. (rElec)
You can survive without breathing.
You are immune to petrification.
You are immune to rotting.


Message History

The very large slime creature hits you but does no damage.
You puncture the very large slime creature!
You freeze the very large slime creature.
The very large slime creature is moderately wounded.
You block the very large slime creature's attack.
You puncture the very large slime creature!
You freeze the very large slime creature.
The very large slime creature is heavily wounded.
You block the very large slime creature's attack.
You puncture the very large slime creature!
You freeze the very large slime creature.
The very large slime creature is heavily wounded.
You puncture the very large slime creature!
You freeze the very large slime creature.
The very large slime creature is heavily wounded.
The very large slime creature hits you!!!
* * * LOW HITPOINT WARNING * * *
The orc priest calls down the wrath of Beogh upon you.
Beogh smites you!
You die...

########################
.........†.............#
........#####..........#
######..# #.#######..#
#..# #.# #).# #..# #.#
#..# #..# #@# #..# #..#
#J# #..# #..# #Y# #..#
#..# #J# #..# #..#
#o#######..# #..#
#oo........# #..#
#oo........# ########..#
#..######..# ..........#
#..# #..#


You could see a very large slime creature, a slime creature, a yak, an orc
priest, an orc wizard and 3 orcs.

Vanquished Creatures
  The ghost of Fosa the Warrior, a journeyman OgBe of Trog (D:10)
  Josephine (D:13)
  2 hydras
  2 centaur warriors (D:13)
  A two-headed ogre (D:10)
  2 unseen horrors (D:11)
  An ugly thing (D:13)
  A slime creature (D:13)
  A gargoyle (D:13)
  A komodo dragon (D:11)
  2 trolls
  3 hippogriffs
  3 wraiths (D:13)
  10 yaks
  2 wyverns
  A vampire (D:10)
  A basilisk (D:12)
  2 vampire mosquitoes (D:13)
  Duvessa (D:7)
  A soldier ant (D:13)
  9 orc warriors
  5 ice beasts
  2 black bears
  10 necrophages
  An ogre (D:6)
  2 centaurs
  4 phantoms
  A crocodile (D:11)
  2 big kobolds
  3 bullfrogs
  2 wyvern zombies (D:10)
  A water moccasin zombie (D:7)
  Dowan (D:7)
  4 scorpions
  14 killer bees
  14 wights
  A howler monkey (D:2)
  5 crimson imps
  6 bullfrog zombies
  2 centaur skeletons
  A centaur zombie (D:10)
  8 hounds
  5 orc priests
  A bullfrog skeleton (D:6)
  12 orc wizards
  Crazy Yiuf (D:2)
  6 worker ants
  2 iguanas
  A hound zombie (D:6)
  2 hound skeletons
  3 mummies (D:10)
  A worker ant zombie (D:8)
  13 adders
  7 shadow imps
  A white imp (D:6)
  2 oozes
  An adder zombie (D:6)
  2 adder skeletons
  3 worms
  A dart slug (D:1)
  3 leopard geckos
  40 orcs
  7 bats
  8 giant cockroaches
  6 goblins
  10 hobgoblins
  6 jackals
  23 kobolds
  6 quokkas
  A ball python (D:5)
  3 frilled lizards
  A leopard gecko skeleton (D:4)
  A quokka skeleton (D:7)
  A quokka zombie (D:5)
  7 rats
324 creatures vanquished.

Vanquished Creatures (others)
  A centaur warrior (D:13)
  3 centaurs
  An orc wizard (D:6)
  A kobold (D:11)
  A plant (D:9)
7 creatures vanquished.

Grand Total: 331 creatures vanquished

Notes
Turn   | Place    | Note
-------+----------+-------------------------------------------
     0 | D:1      | Iamsoldier the Gargoyle Fighter began the quest for the
                  | Orb.
     0 | D:1      | Reached XP level 1. HP: 14/14 MP: 1/1
    84 | D:1      | Reached XP level 2. HP: 12/19 MP: 2/2
   505 | D:1      | Reached XP level 3. HP: 23/23 MP: 3/3
  1281 | D:2      | Reached XP level 4. HP: 25/29 MP: 4/4
  1337 | D:2      | Found a sacrificial altar of Ru.
  1645 | D:2      | Found a runed translucent door.
  1646 | D:2      | Noticed Crazy Yiuf
  1971 | D:2      | Killed Crazy Yiuf
  1971 | D:2      | Reached skill level 4 in Fighting
  1971 | D:2      | Reached XP level 5. HP: 6/33 MP: 5/5
  3163 | D:4      | Found a radiant altar of Vehumet.
  3276 | D:4      | Noticed a phantom
  3303 | D:4      | Killed a phantom
  3303 | D:4      | Reached XP level 6. HP: 20/39 MP: 6/6
  3335 | D:4      | Reached skill level 5 in Fighting
  3655 | D:4      | Reached XP level 7. HP: 13/44 MP: 7/7
  4042 | D:5      | Entered Level 5 of the Dungeon
  4299 | D:5      | Reached skill level 5 in Maces & Flails
  4429 | D:5      | Found Zimij's Antique Weapon Boutique.
  4444 | D:5      | Reached skill level 5 in Armour
  4444 | D:5      | Reached skill level 5 in Shields
  4634 | D:5      | Found a shimmering blue altar of Sif Muna.
  4916 | D:5      | Reached skill level 6 in Fighting
  4916 | D:5      | Reached skill level 1 in Polearms
  4918 | D:5      | Reached XP level 8. HP: 41/51 MP: 8/8
  5473 | D:6      | Found a staircase to the Ecumenical Temple.
  5474 | D:6      | Reached skill level 7 in Fighting
  5815 | D:6      | Found a burning altar of Makhleb.
  5822 | D:6      | Reached XP level 9. HP: 57/57 MP: 9/9
  5826 | D:6      | Became a worshipper of Makhleb the Destroyer
  6016 | D:7      | Reached skill level 8 in Fighting
  6201 | D:7      | Found a hazy altar of Hepliaklqana.
  6202 | D:7      | Noticed Duvessa
  6212 | D:7      | Noticed Dowan
  6234 | D:7      | Killed Duvessa
  6238 | D:7      | Killed Dowan
  6714 | D:7      | Reached * piety under Makhleb
  6969 | D:8      | Reached skill level 5 in Polearms
  7328 | D:8      | Reached skill level 9 in Fighting
  7381 | D:5      | Bought a glowing demon trident for 540 gold pieces
  7544 | D:8      | Reached skill level 1 in Invocations
  7544 | D:8      | Reached XP level 10. HP: 66/66 MP: 10/10
  7693 | D:8      | Found a glowing silver altar of Zin.
  7693 | D:8      | Found a sparkling altar of Nemelex Xobeh.
  7693 | D:8      | Found an iron altar of Okawaru.
  7694 | D:8      | Found a hide-covered altar of Uskayaw.
  7695 | D:8      | Found a glowing golden altar of the Shining One.
  7698 | D:8      | Found an opulent altar of Gozag.
  7983 | D:9      | Found a hazy altar of Hepliaklqana.
  8008 | D:9      | You fall into a shaft and drop 1 floor!
  8008 | D:10     | Entered Level 10 of the Dungeon
  8143 | D:9      | Reached ** piety under Makhleb
  8375 | D:9      | Found a blossoming altar of Fedhas.
  8375 | D:9      | Found an ancient bone altar of Kikubaaqudgha.
  8650 | D:10     | Found a runed translucent gate.
  8651 | D:10     | Found a runed translucent gate.
  8653 | D:10     | Found a runed translucent gate.
  8655 | D:10     | Noticed Fosa's ghost (journeyman OgBe)
  8701 | D:10     | Killed Fosa's ghost
  8707 | D:10     | Reached XP level 11. HP: 68/72 MP: 13/13
  8784 | D:10     | Reached skill level 10 in Fighting
  9020 | D:10     | Found a staircase to the Lair.
  9065 | D:10     | Noticed a two-headed ogre
  9073 | D:10     | Killed a two-headed ogre
  9390 | D:11     | Reached *** piety under Makhleb
  9626 | D:11     | Killed an unseen horror
  9626 | D:11     | Reached skill level 5 in Invocations
  9772 | D:11     | Killed an unseen horror
  9904 | D:11     | Noticed a seven-headed hydra
 10621 | D:11     | Found a staircase to the Orcish Mines.
 10744 | D:11     | Reached **** piety under Makhleb
 10921 | D:11     | Killed a seven-headed hydra
 11006 | D:12     | Noticed a four-headed hydra
 11017 | D:12     | Killed a four-headed hydra
 11017 | D:12     | Reached XP level 12. HP: 79/79 MP: 16/16
 11163 | D:12     | You fall into a shaft and drop 1 floor!
 11163 | D:13     | Noticed a centaur warrior
 11167 | D:13     | Noticed a centaur warrior
 11168 | D:13     | Killed a centaur warrior
 11171 | D:13     | Noticed a centaur warrior
 11182 | D:13     | Killed a centaur warrior
 11214 | D:13     | Reached skill level 11 in Fighting
 11261 | D:13     | Noticed a centaur warrior
 11268 | D:13     | Killed a centaur warrior
 11344 | D:13     | Noticed Josephine
 11353 | D:13     | Killed Josephine
 11425 | D:13     | Reached skill level 10 in Polearms
 11443 | D:13     | HP: 4/80 [very large slime creature (39)]
 11443 | D:13     | Killed from afar by an orc priest

Levels and vault maps discovered:
D:1:      kilobyte_arrival_exit_the_forest, layout_loops_ring, item_on_display_a
D:2:      layout_loops_cross, nicolae_ru_awakened_eye,
          hangedman_abyss_or_decor_stabs, uniq_crazy_yiuf_cottage
D:3:      layout_rooms, first_ration, hangedman_decor_points, minmay_mini_jars
D:4:      minmay_diamond_boxcup, layout_rooms, vehumet_altar_wand_db
D:5:      layout_basic, lemuel_blue_sif_altar, serial_shops, nicolae_shop_stone,
          minivault_27
D:6:      layout_rooms, marbit_many_paths, minmay_temple_entry_sparse_star,
          minmay_fire_ice_demons
D:7:      layout_rooms, basic_altar, lightli_orcish_oven, uniq_duvessa
D:8:      layout_loops_cross, minitemple
D:9:      layout_long_grid, grunt_temple_overflow_growth_and_decay,
          overflow_temple_1_default
D:10:     layout_long_grid, dpeg_oklobed_lair, serial_undead, serial_undead_a,
          serial_undead_a, serial_undead_a, serial_undead_a, serial_undead_d,
          serial_undead_b, serial_undead_b, gammafunk_ghost_split
D:11:     layout_irregular_city, david_orc_4
D:12:     layout_basic
D:13:     layout_long_grid, basic_altar, grunt_pizzeria,
          nicolae_underground_beach, uniq_nessos, uniq_josephine

Skill      XL: |  1  2  3  4  5  6  7  8  9 10 11 12 |
---------------+-------------------------------------+-----
Maces & Flails | 3 4 5 |  5.2
Fighting       | 4 5 6 7 9 10 11 | 11.3
Armour         | 4 5 6 7 8 9 |  9.8
Shields        | 4 5 6 7 8 9 |  9.9
Polearms       | 1 3 5 7 9 10 | 10.0
Invocations    | 1 3 5 6 |  6.9

Action                   |  1- 3 |  4- 6 |  7- 9 | 10-12 || total
-------------------------+-------+-------+-------+-------++-------
Melee: Flail             |   111 |   292 |   551 |       ||   954
       Demon trident     |       |       |    16 |   721 ||   737
Invok: Lesser Servant of |       |       |       |     1 ||     1
Evoke: Wand              |       |       |     1 |     9 ||    10
  Use: Scroll            |       |     1 |    13 |    12 ||    26
       Potion            |       |     1 |     2 |     5 ||     8
 Stab: Invisible         |       |       |     6 |     2 ||     8
  Eat: Chunk             |     1 |     5 |    11 |     9 ||    26
       Ration            |       |     1 |     1 |     1 ||     3
Armor: Scale mail        |    61 |    40 |       |       ||   101
       Chain mail        |       |   191 |    19 |       ||   210
       Plate armour      |       |       |   526 |   499 ||  1025
Dodge: Dodged            |    27 |    92 |   130 |   109 ||   358
Block: Shield            |    60 |   252 |   480 |   523 ||  1315
       Reflection        |       |     1 |     6 |    20 ||    27
